 Dungeon Crawl Stone Soup version 0.31.0-32-g396128a36d (webtiles) character file.

Game seed: 3085327166893318251

2415565 RepoMan the Acrobat (level 27, 369/369 HPs)
             Began as a Felid Ice Elementalist on Mar 29, 2024.
             Was the Champion of Wu Jian.
             Escaped with the Orb
             ... and 4 runes on Mar 31, 2024!
             The game lasted 05:56:29 (66489 turns).

RepoMan the Acrobat (Felid Ice Elementalist)       Turns: 66489, Time: 05:56:30

Health: 369/369    AC: 16    Str: 19    XL:     27
Magic:  28/28      EV: 33    Int: 21    God:    Wu Jian [******]
Gold:   5816       SH:  0    Dex: 25    Spells: 3/32 levels left
                                        Lives:  2   Deaths: 0

rFire   + +          .
                       - Unarmed
rCold   + . .        (shield unavailable)
rNeg    + . .        (body armour unavailable)
rPois   +            (helmet unavailable)
rElec   +            (cloak unavailable)
rCorr   .            (gloves unavailable)
SInv    +            (boots unavailable)
Will    +++++        y - amulet "Xastrukhla" {Spirit rC+ Stlth+} Stlth
                     Y - ring "Ruwkosyf" {rElec rC+ Will+ Str-4}
HPRegen 0.81/turn    x - ring "Nigaf" {EV+5 Str+5}
MPRegen 0.21/turn

%: guardian spirit
@: berserking, dragon-form, flying, studying 3 skills, very quick
A: dragon claw, dragon scales, breathe fire, flying, boosted hp, giant, (claws
1), (fangs 3), see invisible, (shaggy fur 3), (stealthy paws), no weapons or
thrown items, no armour, multi-lived, (antennae 1)
0: Orb of Zot
}: 4/15 runes: barnacled, slimy, silver, gossamer
a: Breathe Fire, Begin Untransformation, Renounce Religion, Wall Jump, Serpent's
Lash, Heavenly Storm


You escaped.
You worshipped Wu Jian.
Wu Jian was exalted by your worship.
You were a fearsome dragon!
You visited 12 branches of the dungeon, and saw 56 of its levels.
You visited the Abyss 1 time.
You also visited: Sewer, Bailey, Gauntlet, Volcano and Wizlab.

You collected 8360 gold pieces.
You spent 2544 gold pieces at shops.

Inventory:

Jewellery
 u - the amulet "Aqemaasoin" {Reflect Str+5 SH+5}
   (You bought it in a shop on level 1 of the Orcish Mines)

   [amulet of reflection]

   Reflect:   It reflects blocked missile attacks.
   Str+5:     It affects your strength (+5).
   SH+5:      It affects your SH (+5).
 v - the ring "Oguub" {rPois Str+7}
   (You took it off a vampire knight on level 3 of the Crypt)

   [ring of poison resistance]

   Str+7:     It affects your strength (+7).
   rPois:     It protects you from poison
 x - the ring "Nigaf" (right foreclaw) {EV+5 Str+5}
   (You took it off a deep elf sorcerer on level 3 of the Elven Halls)

   [ring of evasion]

   EV+5:      It affects your evasion (+5).
   Str+5:     It affects your strength (+5).
 y - the amulet "Xastrukhla" (around neck) {Spirit rC+ Stlth+}
   (You found it on level 5 of the Pits of Slime)

   [amulet of guardian spirit]

   Spirit:    It causes incoming damage to be divided between your reserves of
   health and magic.
   rC+:       It protects you from cold.
   Stlth+:    It makes you more stealthy.
 K - a ring of protection from cold
 O - the ring of Roefrut {rElec MP+9 Slay+2}
   (You found it on level 12 of the Dungeon)

   [ring of magical power]

   Slay+2:    It affects your accuracy & damage with ranged weapons and melee
   (+2).
   rElec:     It insulates you from electricity.
   MP+9:      It affects your magic capacity (+9).
 P - a ring of resist corrosion
 S - a ring of protection from fire
 X - the dreamshard necklace {Acrobat *Dream}
   (You found it on level 13 of the Dungeon)

   [amulet of the acrobat]

   *Dream:    It absorbs a single lethal wound into itself, holding its wearer
   just short of death and releasing dream-creatures to guard them.
   Acrobat:   It increases your evasion while moving and waiting.
 Y - the ring "Ruwkosyf" (left foreclaw) {rElec rC+ Will+ Str-4}
   (You took it off a deep elf sorcerer on level 3 of the Elven Halls)

   [ring of willpower]

   Str-4:     It affects your strength (-4).
   rC+:       It protects you from cold.
   rElec:     It insulates you from electricity.
   Will+:     It increases your willpower.
 Z - the amulet "Yminunee" {rC- Will+ Regen+ Str+5}
   (You took it off a deep elf blademaster on level 3 of the Elven Halls)

   [amulet of regeneration]

   Str+5:     It affects your strength (+5).
   rC-:       It makes you vulnerable to cold.
   Will+:     It increases your willpower.
   Regen+:    It increases your rate of health regeneration.
Talismans
 w - the dragon-blood talisman of Sejiu (active) {rN+}
   (You found it on level 3 of the Vaults)

   [dragon-blood talisman]

   rN+:       It protects you from negative energy.
 A - a granite talisman
 C - the death talisman "Exkumoty" {rElec Int-2 Dex+2 SInv}
   (You found it on level 2 of the Depths)

   [talisman of death]

   Int-2:     It affects your intelligence (-2).
   Dex+2:     It affects your dexterity (+2).
   rElec:     It insulates you from electricity.
   SInv:      It lets you see invisible.
Wands
 g - a wand of mindburst (50)
 D - a wand of flame (71)
 F - a wand of charming (40)
 L - a wand of digging (17)
 Q - a wand of acid (57)
 V - a wand of roots (50)
Scrolls
 b - 24 scrolls of teleportation
 d - 12 scrolls of immolation
 e - 3 scrolls of blinking
 i - 11 scrolls of amnesia
 j - 4 scrolls of fear
 k - 12 scrolls of fog
 m - 9 scrolls of vulnerability
 n - 5 scrolls of revelation
 o - a scroll of silence
 r - 8 scrolls of poison
 E - 7 scrolls of torment
 G - 10 scrolls of noise
 T - 6 scrolls of summoning
Potions
 a - 7 potions of magic
 c - 4 potions of haste
 f - 20 potions of curing
 h - 7 potions of resistance
 l - 5 potions of mutation
 p - 4 potions of might
 q - 9 potions of brilliance
 t - 2 potions of berserk rage
 z - 5 potions of enlightenment
 B - 9 potions of invisibility
 H - 9 potions of lignification
 J - 7 potions of heal wounds
 N - 5 potions of ambrosia
 R - 4 potions of cancellation
Miscellaneous
 s - a phial of floods
 I - a condenser vane
 M - a phantom mirror
 U - a lightning rod (4/4)
 W - a sack of spiders


   Skills:
 + Level 23.2 Fighting
 - Level 25.5 Dodging
 - Level 11.1 Stealth
 * Level 25.5 Unarmed Combat
 - Level 3.3 Spellcasting
 - Level 3.3 Summonings
 - Level 13.3 Translocations
 - Level 9.9 Ice Magic
 - Level 3.3 Air Magic
 - Level 17.7 Evocations
 + Level 22.5 Shapeshifting


You had 3 spell levels left.
You knew the following spells:

 Your Spells              Type           Power      Damage    Failure   Level
b - Blink                 Tloc           100%       N/A       1%          2
c - Ozocubu's Armour      Ice            45%        N/A       1%          3
d - Dispersal             Tloc           28%        N/A       9%          6
g - Apportation           Tloc           100%       N/A       1%          1
h - Summon Ice Beast      Ice/Summ       31%        N/A       2%          3
l - Lesser Beckoning      Tloc           100%       N/A       1%          2
p - Passage of Golubria   Tloc           56%        N/A       1%          4
r - Frozen Ramparts       Ice            90%        1d14      1%          3
v - Vhi's Electric Charg  Tloc/Air       76%        N/A       4%          4
z - Freeze                Ice            100%       1d10      1%          1

Your spell library contained the following spells:

 Spells                   Type           Power      Damage    Failure   Level
 Momentum Strike          Conj/Tloc      62%        3d9       1%          2
 Gell's Gravitas          Tloc           56%        N/A       1%          3
 Teleport Other           Tloc           56%        N/A       1%          3
 Volatile Blastmotes      Fire/Tloc      62%        2d15      2%          3
 Summon Small Mammal      Summ           68%        N/A       3%          1
 Hailstorm                Conj/Ice       24%        3d7       4%          3
 Shock                    Conj/Air       40%        1d5       7%          1
 Mercury Vapours          Alch/Air       20%        N/A       10%         2
 Call Canine Familiar     Summ           17%        N/A       10%         3
 Swiftness                Air            17%        N/A       10%         3
 Cigotuvi's Dreadful Rot  Necr/Alch/Air  16%        N/A       12%         2
 Foxfire                  Conj/Fire      12%        2x1d4     13%         1
 Magic Dart               Conj           12%        1d3       13%         1
 Necrotise                Necr           12%        1d4       13%         1
 Sting                    Conj/Alch      12%        1d3       13%         1
 Sublimation of Blood     Necr           3%         N/A       21%         2
 Mephitic Cloud           Conj/Alch/Air  8%         N/A       24%         3
 Inner Flame              Hex/Fire       3%         N/A       36%         3
 Passwall                 Erth           3%         N/A       36%         3
 Sigil of Binding         Hex            3%         N/A       36%         3
 Stone Arrow              Conj/Erth      6%         3d7       36%         3
 Tukima's Dance           Hex            3%         N/A       36%         3
 Vampiric Draining        Necr           3%         2d6       36%         3
 Manifold Assault         Tloc           56%        N/A       1%          4
 Iskenderun's Mystic Bla  Conj/Tloc      31%        2d8       9%          4
 Summon Forest            Summ/Tloc      19%        N/A       12%         5
 Airstrike                Air            8%         2d(2-18)  32%         4
 Summon Lightning Spire   Summ/Air       17%        N/A       32%         4
 Metabolic Englaciation   Hex/Ice        12%        N/A       43%         5
 Freezing Cloud           Conj/Ice/Air   10%        6-21      52%         5
 Martyr's Knell           Necr/Summ      10%        N/A       54%         4
 Summon Blazeheart Golem  Fire/Summ      10%        N/A       54%         4
 Anguish                  Hex/Necr       1%         N/A       78%         4
 Animate Dead             Necr           3%         N/A       78%         4
 Brom's Barrelling Bould  Conj/Erth      3%         2d3       78%         4
 Cause Fear               Hex            1%         N/A       78%         4
 Dispel Undead            Necr           3%         3d7       78%         4
 Fulminant Prism          Conj/Alch      1%         3d5       78%         4
 Ignite Poison            Fire/Alch      3%         N/A       78%         4
 Leda's Liquefaction      Alch/Erth      1%         N/A       78%         4
 Olgreb's Toxic Radiance  Alch           3%         N/A       78%         4
 Petrify                  Alch/Erth      3%         N/A       78%         4
 Sticky Flame             Fire/Alch      3%         2d4       78%         4
 Arcjolt                  Conj/Air       5%         1d15      88%         5
 Silence                  Hex/Air        5%         N/A       88%         5
 Summon Mana Viper        Hex/Summ       10%        N/A       88%         5
 Ozocubu's Refrigeration  Ice            22%        4d12      88%         7
 Sculpt Simulacrum        Ice/Alch       12%        N/A       95%         6
 Alistair's Intoxication  Alch           2%         N/A       98%         5
 Borgnjor's Vile Clutch   Necr/Erth      1%         N/A       98%         5
 Curse of Agony           Necr           3%         N/A       98%         5
 Irradiate                Conj/Alch      1%         3d12      98%         5
 Yara's Violent Unravell  Hex/Alch       1%         3d3       98%         5
 Malign Gateway           Summ/Tloc      19%        N/A       98%         7
 Disjunction              Tloc           28%        N/A       98%         8
 Summon Cactus Giant      Summ           8%         N/A       99%         6
 Death Channel            Necr           1%         N/A       100%        6
 Eringya's Noxious Bog    Alch           1%         4d6       100%        6
 Plasma Beam              Fire/Air       5%         2x1d15    100%        6
 Starburst                Conj/Fire      1%         6d3       100%        6
 Haunt                    Necr/Summ      5%         N/A       100%        7
 Monstrous Menagerie      Summ           8%         N/A       100%        7
 Orb of Destruction       Conj           1%         9d5       100%        7
 Spellforged Servitor     Conj/Summ      5%         N/A       100%        7
 Summon Hydra             Summ           8%         N/A       100%        7
 Borgnjor's Revivificati  Necr           1%         N/A       100%        8
 Discord                  Hex            1%         N/A       100%        8
 Ignition                 Fire           1%         3d3       100%        8
 Infestation              Necr           1%         N/A       100%        8
 Lehudib's Crystal Spear  Conj/Erth      1%         10d2      100%        8
 Maxwell's Capacitive Co  Air            8%         ∞         100%        8
 Death's Door             Necr           1%         N/A       100%        9
 Polar Vortex             Ice            22%        12d3*     100%        9
 Dimensional Bullseye     Hex/Tloc       Unusable   N/A       N/A         4
 Animate Armour           Summ/Erth      Unusable   N/A       N/A         4

Dungeon Overview and Level Annotations

Branches:
Dungeon (15/15)            Temple (1/1) D:7            Lair (5/5) D:11
 Shoals (4/4) Lair:2       Spider (4/4) Lair:3        Slime (5/5) Lair:4
    Orc (2/2) D:9             Elf (3/3) Orc:2        Vaults (5/5) D:13
  Crypt (3/3) Vaults:2       Tomb (0/3) Crypt:3      Depths (4/4) D:15
    Zot (5/5) Depths:4      Sewer (visited)          Bailey (visited)
Volcano (visited)          WizLab (visited)         Gauntlet (visited)

Altars:
Ashenzari
Cheibriados
Dithmenos
Elyvilon
Fedhas
Gozag
Hepliaklqana
Kikubaaqudgha
Makhleb
Nemelex Xobeh
Okawaru
Qazlal
Ru
Sif Muna
Trog
Uskayaw
Vehumet
Wu Jian
Xom
Yredelemnul
Zin
The Shining One
Jiyva
Lugonu

Shops:
D:3 *   D:6 [   Orc:1 =   Orc:2 =*([   Elf:1 !   Elf:2 =::   Shoals:2 (
Vaults:2 (   Vaults:3 ([   Vaults:5 *   Depths:3 *

Portals:
Hell: Depths:1 Depths:2 Depths:3 Depths:4
Abyss: Orc:2 Lair:5 Depths:1 Depths:3
Pandemonium: Depths:2 Depths:3
Ziggurat: Depths:1

Annotations:
D:2 1 runed translucent door, Crazy Yiuf
D:14 3 runed translucent doors, ripuliukko's ghost, journeyman GrEE
Lair:3 2 transporters, Antaas's ghost, journeyman MiFi
Vaults:4 8 runed translucent doors, ragingrage's ghost, veteran HOFi
Zot:1 1 runed translucent door, Pongem's ghost, legendary MiAK


Innate Abilities, Weirdness & Mutations

You are a fearsome dragon!
You have a powerful clawing attack.
Your giant scaled body is strong and resilient, but less evasive.
You can breathe fire.
You are flying.
Your maximum health is greatly increased.
((You have sharp claws.))
((You have razor-sharp teeth.))
You have supernaturally acute eyesight. (SInv)
((Your thick and shaggy fur keeps you warm. (AC +3, rC+)))
((Your paws help you pounce on unaware monsters.))
You are incapable of wielding weapons or throwing items.
You cannot wear armour.
You gain extra lives every three experience levels.
((You have a pair of small antennae on your head.))


Message History

This square is covered in magical glow.
The rock shatters into small pieces.
Blink to where?
Press: ? - help, Dir - move target
As you read the scroll of blinking, it crumbles to dust.
You fly upwards.
There is a stone staircase leading down here.
Blink to where?
Press: ? - help, Dir - move target
As you read the scroll of blinking, it crumbles to dust.
You fly upwards.
Level annotation: 1 runed translucent door, Crazy Yiuf
There is a stone staircase leading down here.
Aiming: Dig
Press: ? - help, Shift-Dir - straight line A rock wall.
This square is covered in magical glow.
The rock shatters into small pieces.
There is a stone staircase leading up here.
You fly upwards.
There is a stone staircase leading down here.
Blink to where?
Press: ? - help, Dir - move target
As you read the scroll of blinking, it crumbles to dust.
Blink to where?
Press: ? - help, Dir - move target
As you read the scroll of blinking, it crumbles to dust.
Aiming: Dig
Press: ? - help, Shift-Dir - straight line You can't see that place. [a rock wall.]
The rock shatters into small pieces.
An orange demon comes into view.
Blink to where?
Press: ? - help, Dir - move target
As you read the scroll of blinking, it crumbles to dust.
A red film seems to cover your vision as you go berserk!
You feel yourself moving faster!
You feel mighty!
You feel a strong urge to attack something.
You have escaped!

...........#.##.##.....#
................##.....#
...##......#..######.###
.#####.....#..+.# #. .#
#...###..#.# .# .##
##....##.#.# 4# ..#
#[##....#.##.# .##
#......##.#.# .#
#...>#..'.D# .#
#....####.## .#
#.......#.# .#
#######.#.# .# #.#.# .#
#.+.# ## ##### ######
.....#


You could see an orange demon.

Vanquished Creatures
  the Royal Jelly (Slime:5)
  2 dread liches
  Tiamat (Zot:3)
  4 orbs of fire (Zot:5)
  A juggernaut (Depths:4)
  3 royal mummies (Crypt:1)
  Vv (Depths:4)
  Bai Suzhen (Vaults:2)
  Sojobo (Vaults:2)
  5 Killer Klowns (Zot:5)
  A caustic shrike (Depths:3)
  Saint Roka (Crypt:1)
  3 curse toes
  A profane servitor (Orc:2)
  11 golden dragons
  2 doom hounds
  Arachne (Spider:4)
  2 spectral shard shrikes (Crypt:3)
  3 electric golems
  14 tentacled monstrosities
  4 liches (Depths:2)
  Mlioglotl (Spider:1)
  26 Orb Guardians
  4 titans (Vaults:5)
  Rupert (D:14)
  A walking frostbound tome (Depths:4)
  An Ice Fiend (D:10)
  Grunn (Depths:4)
  17 acid blobs
  A shard shrike skeleton (Crypt:3)
  2 deep elf blademasters (Elf:3)
  3 quicksilver dragons
  5 death cobs
  5 ancient champions
  2 deep elf master archers (Elf:3)
  8 sphinxes
  A tentacled starspawn (Abyss:3)
  A kraken (Shoals:4)
  13 storm dragons
  Agnes (D:15)
  6 shadow dragons
  9 tengu reavers
  6 revenants
  3 draconian knights
  9 azure jellies
  3 protean progenitors
  11 rockslimes
  3 fire giants
  6 emperor scorpions (Spider:4)
  6 draconian monks
  7 draconian scorchers
  10 frost giants
  A balrug (Depths:4)
  17 vault wardens
  10 ghost moths
  6 draconian shifters
  An iron dragon (Depths:3)
  2 curse skulls
  8 deep elf sorcerers
  A spectral caustic shrike (Crypt:3)
  2 draconian stormcallers
  2 deep elf elementalists (Elf:3)
  2 cacodemons (Depths:2)
  3 reapers
  A ghoul (Crypt:2)
  4 draconian annihilators
  Louise (Spider:4)
  A broodmother (Spider:3)
  3 demonspawn corrupters (WizLab)
  5 quicksilver oozes
  3 orc warlords
  35 very ugly things
  7 formless jellyfish
  10 stone giants
  19 ironbound preservers
  4 ironbound thunderhulks
  32 vampire knights
  5 purple draconians
  3 war gargoyles
  11 dire elephants
  A rockslime zombie (Crypt:2)
  A bunyip (shapeshifter) (Depths:2)
  9 green draconians
  4 deep elf demonologists (Elf:3)
  9 deep elf death magi
  23 yellow draconians
  8 white draconians
  A minotaur (Gauntlet)
  6 spark wasps
  7 deep elf annihilators
  7 black draconians
  2 spectral pearl dragons (Depths:2)
  10 red draconians
  The ghost of TangoThomas the Covert, a journeyman NaHu of Hepliaklqana (Orc:2)
  6 eidola
  8 merfolk javelineers
  A green death (Depths:3)
  8 ettins
  16 jiangshi
  6 entropy weavers
  A fire dragon (shapeshifter) (Depths:2)
  Josephine (D:14)
  9 merfolk impalers
  10 fire dragons
  3 rakshasas
  4 mummy priests
  33 vault guards
  6 deep elf high priests
  Harold (Lair:1)
  A quicksilver dragon zombie (D:15)
  12 great orbs of eyes
  3 hydras
  4 spriggan zombies
  9 ice dragons
  8 yaktaur captains
  2 peacekeepers
  4 death knights
  4 spriggan air magi
  2 ogre magi
  2 alligators (Zot:4)
  3 catoblepae
  2 radroaches
  5 jorogumos
  7 ironbound frosthearts
  An anaconda (shapeshifter) (Vaults:5)
  4 deep troll shamans
  4 merfolk avatars
  An alligator snapping turtle (Shoals:4)
  2 merfolk aquamancers
  A two-headed ogre (shapeshifter) (Depths:2)
  A two-headed ogre (D:13)
  A fenstrider witch skeleton (Crypt:1)
  14 boulder beetles
  A hell hog (Abyss:3)
  5 tengu warriors
  14 vampire magi
  35 dancing weapons
  10 demonic crawlers
  6 satyrs
  6 death yaks
  2 titan zombies (Crypt:3)
  Urug (Orc:2)
  10 deep troll earth magi
  7 spriggan berserkers
  3 orc high priests
  8 occultists
  A sun demon (Abyss:3)
  22 deep elf knights
  4 soul eaters
  4 skysharks
  A spriggan (Depths:2)
  4 thrashing horrors
  2 sixfirhies
  18 hell knights
  7 iron trolls
  Amaemon (D:10)
  38 skeletal warriors
  A wretched star (Abyss:3)
  3 shadow wraiths
  2 titan skeletons
  2 skysharks (shapeshifter)
  6 pharaoh ants
  2 spark wasp zombies
  73 deep trolls
  A spriggan druid (WizLab)
  An anaconda zombie (Crypt:2)
  A glowing orange brain (shapeshifter) (Depths:2)
  A bunyip zombie (Crypt:3)
  A bunyip skeleton (Crypt:3)
  5 sea snakes
  5 flayed ghosts
  2 goliath frogs (Zot:4)
  A death drake (shapeshifter) (Depths:2)
  5 large abominations
  6 steelbarb worms
  A shadow demon (D:14)
  A bog body (Crypt:2)
  8 glowing orange brains
  13 deep elf archers
  7 orb spiders
  16 harpies
  8 lindwurms
  12 necromancers
  32 phantasmal warriors
  16 ironbound convokers
  Pikel (D:4)
  36 deep elf zephyrmancers
  2 stone giant zombies
  5 arcanists
  2 shining eyes
  A sun moth (shapeshifter) (Vaults:5)
  A faun (shapeshifter) (Vaults:5)
  A shadow dragon zombie (Crypt:3)
  12 orc knights
  44 deep elf pyromancers
  A shadow dragon skeleton (Crypt:1)
  2 steelbarb worms (shapeshifter)
  10 orc sorcerers
  An iron dragon zombie (Crypt:3)
  9 manticores
  41 ugly things
  A fire giant skeleton (Vaults:4)
  4 worldbinders
  4 elephants (Lair:2)
  14 wolf spiders
  5 cyclopes
  An iron dragon skeleton (Vaults:4)
  15 fauns
  A spectral ettin (Crypt:3)
  20 moths of wrath
  2 stone giant skeletons
  11 merfolk sirens
  A formless jellyfish zombie (Crypt:2)
  A spectral centaur (Crypt:3)
  A meliai (shapeshifter) (D:14)
  9 black mambas
  2 dire elephant zombies (Crypt:3)
  2 eyes of devastation
  6 smoke demons
  3 meliai (Spider:2)
  2 kobold blastminers (Orc:2)
  24 vault sentinels
  2 eyes of devastation (shapeshifter)
  13 water nymphs
  A gargoyle (D:12)
  12 cane toads
  3 human zombies
  A cane toad (shapeshifter) (Orc:2)
  A pale draconian zombie (Crypt:3)
  A centaur skeleton (Crypt:3)
  5 torpor snails
  Jeremiah (D:7)
  2 dire elephant skeletons (Crypt:1)
  A spectral glowing shapeshifter (Depths:2)
  A sea snake zombie (Crypt:1)
  37 yaktaurs
  A bunyip simulacrum (Crypt:3)
  A tormentor (Depths:3)
  2 ice devils (Orc:2)
  3 freezing wraiths
  6 komodo dragons
  11 guardian mummies
  A red devil (Gauntlet)
  4 tengu conjurers
  Psyche (D:12)
  A purple draconian skeleton (Crypt:1)
  4 ancient zymes
  An anaconda simulacrum (Crypt:1)
  2 harpy zombies (Crypt:3)
  2 hellwings (Abyss:3)
  3 wind drakes
  A polar bear (Lair:2)
  4 trolls
  A raiju (shapeshifter) (WizLab)
  A tyrant leech (Gauntlet)
  2 glass eyes
  24 merfolk
  A tarantella (shapeshifter) (Vaults:5)
  27 blink frogs
  Grinder (D:3)
  A hornet (Depths:2)
  15 tarantellas
  Prince Ribbit (Lair:1)
  2 harpy skeletons (Crypt:3)
  6 raiju
  8 snapping turtles
  2 ettin zombies (Crypt:1)
  6 dream sheep
  2 fire giant simulacra (Depths:2)
  48 slime creatures
  A glass eye (shapeshifter) (Depths:2)
  3 guardian serpent skeletons
  A centaur simulacrum (Crypt:3)
  20 jumping spiders
  A human (shapeshifter) (D:12)
  Sigmund (D:3)
  10 culicivoras
  11 water elementals
  2 air elementals (Elf:1)
  2 dire elephant simulacra
  Eustachio (D:6)
  3 wyverns (Lair:3)
  3 ynoxinuls (Lair:5)
  10 small abominations (Lair:5)
  A spriggan skeleton (D:15)
  3 naga simulacra (Crypt:3)
  35 yaks
  7 starcursed masses (Abyss:3)
  6 vampires
  2 fire elementals
  A human (D:13)
  2 shadows
  2 basilisks
  2 golden eyes
  20 wraiths
  A warg (shapeshifter) (D:14)
  61 redbacks
  2 redbacks (shapeshifter)
  6 wargs
  A steam dragon (D:7)
  A harpy simulacrum (Crypt:3)
  4 neqoxecs
  5 vampire mosquitoes
  9 chaos spawn
  A deep troll zombie (Crypt:2)
  2 swamp worms (Gauntlet)
  7 water moccasins
  Duvessa (D:6)
  A deep troll skeleton (Crypt:3)
  35 orc warriors
  A naga skeleton (Crypt:3)
  2 elephant zombies (Lair:4)
  3 ice beasts
  6 ogres
  A boggart (WizLab)
  A tengu (D:6)
  2 black bears
  19 wolves
  An elephant skeleton (Crypt:2)
  3 centaurs
  16 laughing skulls
  A phantom (D:4)
  10 kobold brigands
  A lemure (D:4)
  A komodo dragon zombie (Lair:4)
  16 bullfrogs
  A glowing shapeshifter simulacrum (Depths:2)
  A water moccasin zombie (Crypt:3)
  2 earth elementals
  A gnoll sergeant (D:9)
  A draconian skeleton (Crypt:2)
  5 scorpions
  2 necrophages (Crypt:2)
  Dowan (D:6)
  5 wights (D:9)
  A salamander skeleton (Crypt:3)
  A water moccasin skeleton (Crypt:2)
  6 killer bees (D:10)
  A howler monkey (shapeshifter) (Lair:5)
  11 electric eels
  3 crimson imps (Gauntlet)
  2 iron imps (Abyss:3)
  4 jellies
  3 hounds
  11 orc priests
  3 sleepcaps
  A gnoll bouda (D:7)
  Ijyb (D:3)
  4 hell rats (Lair:3)
  6 iguanas
  24 orc wizards
  2 human skeletons (Crypt:1)
  A killer bee zombie (Crypt:2)
  4 mummies (Crypt:1)
  A howler monkey zombie (Crypt:3)
  Robin (D:3)
  16 gnolls
  11 adders
  2 river rats
  A swamp drake zombie (Crypt:1)
  2 shadow imps
  3 white imps
  A lava snake skeleton (Crypt:1)
  2 dart slugs
  6 ribbon worms
  63 orcs
  8 ball pythons
  8 endoplasms
  4 giant cockroaches
  8 hobgoblins
  8 jackals
  24 kobolds
  A quokka (D:1)
  5 bats
  A bombardier beetle zombie (Crypt:3)
  7 frilled lizards
  13 goblins
  13 rats
  A rat zombie (Crypt:1)
  3 aspiring fleshes (Zot:1)
  2 lurking horrors (Abyss:3)
  3 tentacles (Shoals:4)
2448 creatures vanquished.

Vanquished Creatures (collateral kills)
  A black draconian (Zot:3)
  A red draconian (Zot:3)
  A hydra (Lair:4)
  Erolcha (D:9)
  A boulder beetle (Spider:2)
  7 two-headed ogres
  2 merfolk aquamancers (Shoals:4)
  A thrashing horror (Lair:5)
  An orange demon (D:10)
  A cane toad (Lair:4)
  2 gargoyles (D:11)
  A komodo dragon (Lair:2)
  2 tarantellas (Spider:4)
  A troll (D:9)
  4 blink frogs
  A raiju (Lair:5)
  2 jumping spiders (Spider:1)
  4 yaks
  3 redbacks (Spider:4)
  A warg (Orc:2)
  2 water moccasins
  6 orc warriors
  9 centaurs (Bailey)
  An ogre (D:9)
  A wolf (Lair:1)
  A bullfrog (D:7)
  3 gnoll sergeants (D:9)
  A small abomination (Lair:5)
  2 orc priests
  An orc wizard (D:9)
  24 orcs
89 creatures vanquished.

Vanquished Creatures (others)
  A deep elf knight (Elf:2)
  A merfolk (Shoals:4)
  An orc priest (Orc:2)
  An orc wizard (D:9)
  A lurking horror (Abyss:3)
  2 starspawn tentacles (Abyss:3)
  4 tentacles (Shoals:4)
11 creatures vanquished.

Grand Total: 2548 creatures vanquished

Notes
Turn   | Place    | Note
-------+----------+-------------------------------------------
     0 | D:1      | RepoMan the Felid Ice Elementalist began the quest for the
                  | Orb.
     0 | D:1      | Reached XP level 1. HP: 9/9 MP: 4/4
   268 | D:1      | Reached XP level 2. HP: 13/13 MP: 4/6
   432 | D:1      | Found a faded altar of an unknown god.
   443 | D:1      | Got Plato's Notes on Argyropoeia
   778 | D:2      | Reached XP level 3. HP: 11/16 MP: 5/7
   923 | D:2      | Learned a level 3 spell: Ozocubu's Armour
   997 | D:2      | Found a runed translucent door.
   998 | D:2      | Noticed Crazy Yiuf
  1567 | D:3      | Noticed Robin
  1628 | D:3      | Noticed Ijyb
  1643 | D:3      | Killed Ijyb
  1644 | D:3      | Reached XP level 4. HP: 19/21 MP: 1/8
  1644 | D:3      | Gained a life (2 lives remaining)
  1709 | D:2      | Learned a level 3 spell: Frozen Ramparts
  1730 | D:3      | Reached skill level 5 in Ice Magic
  1815 | D:3      | Killed Robin
  1871 | D:3      | Found a shimmering altar of Xom.
  1873 | D:3      | Noticed Sigmund
  1909 | D:3      | Noticed Grinder
  1913 | D:3      | Killed Grinder
  1914 | D:3      | Reached XP level 5. HP: 24/24 MP: 10/10
  1914 | D:3      | Gained mutation: You are covered in thick fur. (AC +2)
                  | [Felid growth]
  1914 | D:3      | Reached XP level 6. HP: 28/28 MP: 11/11
  1918 | D:3      | Learned a level 3 spell: Summon Ice Beast
  1973 | D:3      | Found Nirghiul's General Store.
  1981 | D:3      | Bought a scroll of identify for 26 gold pieces
  1981 | D:3      | Bought a scroll of identify for 26 gold pieces
  1981 | D:3      | Bought a scroll of identify for 26 gold pieces
  1981 | D:3      | Bought a scroll of identify for 26 gold pieces
  2703 | D:4      | Noticed Pikel
  2715 | D:4      | Killed Pikel
  2716 | D:4      | Reached XP level 7. HP: 32/32 MP: 8/12
  3077 | D:4      | Reached XP level 8. HP: 23/36 MP: 5/13
  3282 | D:4      | Reached skill level 1 in Unarmed Combat
  3518 | D:5      | Entered Level 5 of the Dungeon
  3853 | D:5      | Identified the +9 mace "Doifob" {drain, rElec rC- rN+
                  | Int+3}
  4234 | D:5      | Noticed Blork the orc
  4238 | D:5      | Blork the orc changed into Blork the goblin
  4238 | D:5      | Noticed Blork
  4243 | D:5      | Killed Blork the goblin
  4886 | D:6      | Noticed Eustachio
  4992 | D:6      | Found Foomal's Armour Emporium.
  5000 | D:6      | Found a stormy altar of Qazlal.
  5056 | D:6      | Noticed Dowan
  5122 | D:6      | Found a glowing drain.
  5126 | Sewer    | Entered a sewer
  5323 | Sewer    | Reached skill level 5 in Unarmed Combat
  5474 | Sewer    | Reached XP level 9. HP: 39/39 MP: 8/14
  5778 | D:6      | Noticed Duvessa
  5785 | D:6      | Killed Duvessa
  5786 | D:6      | Killed Dowan
  5861 | D:6      | Noticed Maggie
  5862 | D:6      | Maggie changed into Maggie the iguana
  5862 | D:6      | Noticed Maggie
  5867 | D:6      | Killed Maggie the iguana
  6411 | D:6      | Killed Eustachio
  6713 | D:7      | Noticed a red ugly thing
  7209 | D:8      | Found a flagged portal.
  7237 | D:8      | Reached skill level 1 in Fighting
  7251 | D:8      | Identified the +8 dagger "Tafehaj" {antimagic, Will+ Int+3}
  7326 | Bailey   | Entered a bailey
  7766 | Bailey   | Reached XP level 10. HP: 46/46 MP: 12/15
  8543 | Bailey   | Reached skill level 5 in Dodging
  9314 | Bailey   | Got the Book of Arenous Composition
  9525 | D:8      | Noticed a two-headed ogre
  9642 | D:8      | Killed a two-headed ogre
  9882 | D:8      | Noticed a red ugly thing
  9916 | D:8      | Killed a red ugly thing
 10114 | D:8      | Noticed a moth of wrath
 10117 | D:8      | Found a bloodstained altar of Trog.
 10501 | D:7      | Reached skill level 10 in Unarmed Combat
 10529 | D:7      | Killed a red ugly thing
 10814 | D:7      | Noticed Jeremiah
 10851 | D:7      | Killed Jeremiah
 11083 | D:7      | Found a staircase to the Ecumenical Temple.
 11090 | Temple   | Entered the Ecumenical Temple
 11104 | Temple   | Became a worshipper of the Wu Jian Council
 11247 | D:7      | Noticed a boulder beetle
 11367 | D:9      | Reached skill level 5 in Fighting
 11367 | D:9      | Reached XP level 11. HP: 54/55 MP: 16/16
 11669 | D:9      | Noticed a two-headed ogre
 11869 | D:9      | Reached * piety under Wu Jian
 11912 | D:9      | Found a staircase to the Orcish Mines.
 12236 | D:9      | Noticed a two-headed ogre
 12299 | D:9      | Killed a two-headed ogre
 12409 | D:9      | Killed a two-headed ogre
 12526 | D:9      | Noticed Erolcha
 12554 | D:9      | Killed Erolcha
 12631 | D:9      | Reached ** piety under Wu Jian
 12904 | D:10     | Entered Level 10 of the Dungeon
 13075 | D:10     | Noticed Amaemon
 13088 | D:10     | Killed Amaemon
 13467 | D:10     | Found a burning altar of Makhleb.
 13723 | D:10     | Found a sparkling altar of Nemelex Xobeh.
 13723 | D:10     | Found an opulent altar of Gozag.
 14231 | D:11     | Gained mutation: Your thick and shaggy fur keeps you warm.
                  | (AC +3, rC+) [Felid growth]
 14231 | D:11     | Reached XP level 12. HP: 63/63 MP: 13/17
 14298 | D:11     | Noticed a two-headed ogre
 14346 | D:11     | Reached skill level 5 in Stealth
 14405 | D:11     | Killed a two-headed ogre
 14405 | D:11     | Reached *** piety under Wu Jian
 14451 | D:11     | Reached skill level 10 in Dodging
 14462 | D:11     | Learned a level 2 spell: Lesser Beckoning
 14463 | D:11     | Found a staircase to the Lair.
 14752 | Lair:1   | Entered Level 1 of the Lair of Beasts
 14962 | Lair:1   | Found a dark tunnel.
 15011 | Volcano  | Entered a volcano
 15022 | Volcano  | Noticed a two-headed ogre
 15044 | Volcano  | Killed a two-headed ogre
 15062 | Volcano  | Noticed a two-headed ogre
 15062 | Volcano  | Noticed an ogre mage
 15067 | Volcano  | Found a bloodstained altar of Trog.
 15068 | Volcano  | Noticed a two-headed ogre
 15068 | Volcano  | Noticed a two-headed ogre
 15094 | Volcano  | Killed a two-headed ogre
 15109 | Volcano  | Noticed a two-headed ogre
 15117 | Volcano  | Killed a two-headed ogre
 15223 | Lair:1   | Noticed Prince Ribbit
 15231 | Lair:1   | Killed Prince Ribbit
 15655 | Lair:1   | Noticed Harold
 15679 | Lair:1   | Killed Harold
 16285 | Lair:2   | Reached skill level 1 in Shapeshifting
 16454 | Lair:2   | Reached **** piety under Wu Jian
 16455 | Lair:2   | Reached XP level 13. HP: 69/69 MP: 11/18
 16718 | Lair:2   | Found a staircase to the Shoals.
 17082 | Lair:3   | Found a transporter.
 17117 | Lair:3   | Noticed Antaas's ghost (journeyman MiFi)
 17159 | Lair:3   | Learned a level 1 spell: Apportation
 17224 | Lair:3   | Identified the +3 mace of Ysoopn {freeze, Dex+3}
 17277 | Lair:3   | Found a transporter.
 17371 | Lair:3   | Found a hole to the Spider Nest.
 18075 | Lair:4   | Reached skill level 5 in Shapeshifting
 18124 | Lair:4   | Found a viscous altar of Jiyva.
 18124 | Lair:4   | Found a staircase to the Slime Pits.
 18668 | Lair:4   | Got the Treatise on the Luminous Wyrd
 18873 | Lair:5   | Entered Level 5 of the Lair of Beasts
 19356 | Lair:5   | Reached ***** piety under Wu Jian
 19655 | Lair:5   | Reached XP level 14. HP: 32/76 MP: 15/19
 19984 | Lair:5   | Found a corrupted altar of Lugonu.
 19984 | Lair:5   | Found a one-way gate to the infinite horrors of the Abyss.
 19999 | Lair:5   | Identified the staff "Zaitiy" {rC+ rCorr Ice}
 21405 | Orc:1    | Entered Level 1 of the Orcish Mines
 21413 | Orc:1    | Reached skill level 10 in Shapeshifting
 21618 | Orc:2    | Entered Level 2 of the Orcish Mines
 21718 | Orc:2    | Found Plog's Antique Armour Shoppe.
 21945 | Orc:2    | Found a transporter.
 21962 | Orc:2    | Found a transporter.
 21964 | Orc:2    | Noticed an orc warlord
 21980 | Orc:2    | Noticed a profane servitor
 21987 | Orc:2    | Found a staircase to the Elven Halls.
 22398 | Orc:2    | Found Loijar's General Store.
 22406 | Orc:2    | Bought a potion of heal wounds for 70 gold pieces
 22406 | Orc:2    | Bought a scroll of blinking for 105 gold pieces
 22406 | Orc:2    | Bought a scroll of identify for 28 gold pieces
 22408 | Orc:2    | Found Womum's Jewellery Emporium.
 22552 | Orc:2    | Noticed an orc warlord
 22553 | Orc:2    | Found Wujejevoph's Antique Weapon Shop.
 22572 | Orc:2    | Killed an orc warlord
 22925 | Orc:2    | Noticed TangoThomas's ghost (journeyman NaHu)
 22960 | Orc:2    | Noticed Urug
 22974 | Orc:2    | Killed Urug
 23151 | Orc:1    | Found Guel's Jewellery Emporium.
 23629 | Orc:2    | Noticed a green very ugly thing
 23969 | D:12     | Noticed Psyche
 23984 | D:12     | Killed Psyche
 24061 | D:12     | You fall into a shaft and drop 3 floors!
 24061 | D:15     | Entered Level 15 of the Dungeon
 24066 | D:15     | Identified the +6 arbalest of the Solstice {heavy, Will+
                  | Str-4 Dex+8}
 24088 | D:14     | Reached ****** piety under Wu Jian
 24378 | D:14     | Found a runed translucent gate.
 24379 | D:14     | Found a runed translucent gate.
 24391 | D:14     | Noticed Josephine
 24550 | D:13     | Reached XP level 15. HP: 65/76 MP: 20/20
 24597 | D:13     | Found a gate leading to a gauntlet.
 24610 | Gauntlet | Entered a Gauntlet
 24610 | Gauntlet | Found a transporter.
 24610 | Gauntlet | Found a transporter.
 24612 | Gauntlet | Found a transporter.
 24612 | Gauntlet | Found a transporter.
 24615 | Gauntlet | Found a transporter.
 24651 | Gauntlet | Found a transporter.
 24654 | Gauntlet | Found a transporter.
 24654 | Gauntlet | Found a transporter.
 24669 | Gauntlet | Found a transporter.
 24682 | Gauntlet | Found a transporter.
 24691 | Gauntlet | Found a runed translucent gate.
 24692 | Gauntlet | Found a transporter.
 24692 | Gauntlet | Found a runed translucent gate.
 24693 | Gauntlet | Found a runed translucent gate.
 24696 | Gauntlet | Found a transporter.
 24740 | Gauntlet | Found a transporter.
 24741 | Gauntlet | Found a runed translucent door.
 24757 | Gauntlet | Found a transporter.
 24851 | Gauntlet | Identified the staff of Destruction {+Blink rElec Will-
                  | Hexes Earth}
 24946 | Gauntlet | Got Eclowadd's Handbook of Moving Spellbinding
 24948 | Gauntlet | Identified the +2 ring mail "Notaosm" {rC+ MP-9 Str+3
                  | Dex+6}
 24953 | Gauntlet | Learned a level 2 spell: Blink
 25097 | D:13     | Reached skill level 1 in Translocations
 25221 | D:12     | Identified the ring of Roefrut {rElec MP+9 Slay+2}
 25862 | D:13     | Found a viscous altar of Jiyva.
 26223 | D:13     | Reached skill level 5 in Translocations
 26228 | D:13     | Found a gate to the Vaults.
 26274 | D:13     | Learned a level 4 spell: Vhi's Electric Charge
 26280 | D:13     | Found a transporter.
 26282 | D:13     | Found the dreamshard necklace {Acrobat *Dream}
 26284 | D:13     | Noticed an azure jelly
 26285 | D:13     | Found a transporter.
 26866 | D:14     | Found a runed translucent gate.
 26887 | D:14     | Killed Josephine
 26954 | D:14     | Noticed Rupert
 26964 | D:14     | Killed Rupert
 26965 | D:14     | Reached skill level 1 in Air Magic
 27520 | D:14     | Found a runed translucent gate.
 27520 | D:14     | Found a runed translucent gate.
 27527 | D:14     | Found a runed translucent gate.
 27530 | D:14     | Noticed ripuliukko's ghost (journeyman GrEE)
 27621 | D:15     | Noticed Agnes
 27625 | D:15     | Killed Agnes
 28058 | D:15     | Found a staircase to the Depths.
 28493 | Spider:1 | Entered Level 1 of the Spider Nest
 28552 | Spider:1 | Identified the +10 quarterstaff "Newtbane" {drain, *Slow
                  | rF- MP+9 Str+4}
 28679 | Spider:1 | Reached XP level 16. HP: 84/85 MP: 15/21
 28961 | Spider:1 | Reached skill level 15 in Shapeshifting
 29184 | Spider:1 | Gained mutation: You are vulnerable to cold. (rC-)
                  | [mutagenic glow]
 29313 | Spider:1 | Reached skill level 10 in Fighting
 29332 | Spider:1 | Noticed Mlioglotl
 29337 | Spider:1 | Killed Mlioglotl
 30123 | Spider:2 | Lost mutation: You are vulnerable to cold. (rC-) [potion of
                  | mutation]
 30123 | Spider:2 | Gained mutation: You have hidden genetic defects. [potion
                  | of mutation]
 30123 | Spider:2 | Gained mutation: You are clumsy. (Dex -2) [potion of
                  | mutation]
 30123 | Spider:2 | Gained mutation: Your muscles are strong. (Str +4, Int/Dex
                  | -1) [potion of mutation]
 30124 | Spider:2 | Lost mutation: Your muscles are strong. (Str +4, Int/Dex
                  | -1) [potion of mutation]
 30124 | Spider:2 | Lost mutation: You are clumsy. (Dex -2) [potion of
                  | mutation]
 30124 | Spider:2 | Lost mutation: You have hidden genetic defects. [potion of
                  | mutation]
 30124 | Spider:2 | Gained mutation: You expend magic power (3 MP) to
                  | strengthen your wands. [potion of mutation]
 30494 | Spider:3 | Reached skill level 10 in Translocations
 30637 | Spider:3 | Reached skill level 1 in Evocations
 30654 | Spider:3 | Reached skill level 15 in Unarmed Combat
 31256 | Spider:3 | Identified a scroll of acquirement
 31488 | Spider:4 | Entered Level 4 of the Spider Nest
 31839 | Spider:4 | Noticed Louise
 31840 | Spider:4 | Killed Louise
 32081 | Spider:4 | Reached XP level 17. HP: 90/90 MP: 17/22
 32311 | Spider:4 | Noticed Arachne
 32629 | Spider:4 | Found the +0 mask of the Dragon {Will+ Slay+3 SInv}
 32707 | Spider:4 | Got a gossamer rune of Zot
 32955 | Spider:4 | Killed Arachne
 33231 | Orc:1    | Bought the amulet "Aqemaasoin" {Reflect Str+5 SH+5} for 522
                  | gold pieces
 33483 | Shoals:1 | Entered Level 1 of the Shoals
 33734 | Shoals:1 | Reached skill level 10 in Stealth
 34221 | Shoals:2 | Found Olaud's Weapon Emporium.
 35215 | Shoals:4 | Entered Level 4 of the Shoals
 35361 | Shoals:4 | Reached skill level 15 in Dodging
 35458 | Shoals:4 | Reached XP level 18. HP: 96/96 MP: 23/23
 36133 | Shoals:4 | Got a barnacled rune of Zot
 37131 | D:3      | Killed Sigmund
 37788 | Elf:1    | Entered Level 1 of the Elven Halls
 37914 | Elf:1    | Found Numan's Distillery.
 37925 | Elf:1    | Bought a potion of invisibility for 120 gold pieces
 37925 | Elf:1    | Bought a potion of resistance for 150 gold pieces
 37925 | Elf:1    | Bought a potion of lignification for 45 gold pieces
 37925 | Elf:1    | Bought 2 potions of haste for 300 gold pieces
 37925 | Elf:1    | Bought a potion of curing for 45 gold pieces
 37925 | Elf:1    | Bought a potion of berserk rage for 75 gold pieces
 37925 | Elf:1    | Bought a potion of attraction for 45 gold pieces
 38539 | Elf:1    | Found a bloodstained altar of Trog.
 39250 | Elf:2    | Found a runed translucent gate.
 39250 | Elf:2    | Found a runed translucent gate.
 39252 | Elf:2    | Found a runed translucent gate.
 39310 | Elf:2    | Found Seycwaof's Book Boutique.
 39312 | Elf:2    | Found Utwaxul's Jewellery Emporium.
 39313 | Elf:2    | Found Haagau's Book Boutique.
 39322 | Elf:2    | Bought a book of the Moon for 440 gold pieces
 39328 | Elf:2    | Learned a level 4 spell: Passage of Golubria
 39436 | Elf:2    | Reached XP level 19. HP: 103/103 MP: 22/24
 39880 | Elf:3    | Entered Level 3 of the Elven Halls
 40549 | Elf:3    | Noticed a Brimstone Fiend
 40623 | Elf:3    | Identified the ring "Adiwiq" {rPois SInv}
 40684 | Elf:3    | Identified the ring "Nigaf" {EV+5 Str+5}
 40695 | Elf:3    | Identified the amulet "Yminunee" {rC- Will+ Regen+ Str+5}
 40704 | Abyss:3  | Cast into level 3 of the Abyss (a deep elf sorcerer)
 40757 | Abyss:3  | Found a corrupted altar of Lugonu.
 40786 | Abyss:3  | Gained mutation: You are dopey. (Int -2) [a neqoxec]
 40790 | Abyss:3  | Gained mutation: Your health recovers twice as slowly from
                  | being drained. [a shining eye]
 40907 | Elf:3    | Escaped the Abyss
 41064 | Elf:3    | Identified the +9 double sword "Lakleuse" {distort, rCorr
                  | Str+4 Dex+6}
 41064 | Elf:3    | Identified the ring "Ruwkosyf" {rElec rC+ Will+ Str-4}
 41213 | Elf:3    | Identified the +10 spear of Ashrat {speed, Str+2 Dex+3}
 41297 | Elf:3    | Identified the staff of Exquisite Death {rElec rPois Stlth+
                  | Air}
 41568 | Orc:2    | Killed a profane servitor
 41569 | Orc:2    | Reached XP level 20. HP: 110/110 MP: 25/25
 41593 | Orc:2    | Killed TangoThomas's ghost
 41604 | Orc:2    | Got the Commentary on Doom and the Tropics
 41803 | Vaults:1 | Entered Level 1 of the Vaults
 42306 | Vaults:1 | Found a runed translucent door.
 42338 | Vaults:1 | Identified the +6 battleaxe of Punishment {protect, rF+
                  | rC+}
 42341 | Vaults:1 | Identified the staff of the Thing {rF+ rC+ Ice Earth}
 42342 | Vaults:1 | Identified the +1 pair of boots of Disguise {Str+5 Dex-3}
 42958 | Vaults:2 | Noticed Sojobo
 43434 | Vaults:2 | Noticed Bai Suzhen
 43446 | Vaults:2 | Killed Bai Suzhen
 43669 | Vaults:2 | Found a staircase to the Crypt.
 43679 | Vaults:2 | Found Eles's Antique Weapon Boutique.
 44025 | Vaults:2 | Killed Sojobo
 44266 | Vaults:3 | Found Poatrim's Antique Armour Emporium.
 44275 | Vaults:3 | Found Uskuhyb's Weapon Boutique.
 44295 | Vaults:3 | Reached XP level 21. HP: 116/116 MP: 26/26
 44296 | Vaults:3 | Identified the +2 robe of the Modern Xalams {^Drain Fly rC+
                  | Stlth+}
 44331 | Vaults:3 | Found a magical portal.
 44340 | WizLab   | Entered Alistair's Party Mansion
 44716 | WizLab   | Reached skill level 15 in Fighting
 44902 | Vaults:3 | Identified the dragon-blood talisman of Sejiu {rN+}
 45043 | Vaults:3 | Identified the +6 rapier "Dehathif" {drain, Int+5 SInv}
 45511 | Vaults:3 | Reached skill level 5 in Evocations
 45895 | Vaults:4 | Found a large runed translucent door.
 45895 | Vaults:4 | Found a large runed translucent door.
 45895 | Vaults:4 | Found a large runed translucent door.
 45895 | Vaults:4 | Found a large runed translucent door.
 45895 | Vaults:4 | Noticed ragingrage's ghost (veteran HOFi)
 45895 | Vaults:4 | Noticed an ancient lich
 45896 | Vaults:4 | Found a large runed translucent door.
 45896 | Vaults:4 | Found a large runed translucent door.
 45896 | Vaults:4 | Found a large runed translucent door.
 45896 | Vaults:4 | Found a large runed translucent door.
 46811 | Crypt:1  | Entered Level 1 of the Crypt
 46980 | Crypt:1  | Reached XP level 22. HP: 123/123 MP: 27/27
 47139 | Crypt:1  | Noticed Saint Roka
 47143 | Crypt:1  | Noticed a royal mummy
 47269 | Crypt:1  | Killed Saint Roka
 47857 | Crypt:1  | Noticed a royal mummy
 47859 | Crypt:1  | Killed a royal mummy
 47864 | Crypt:1  | Killed a royal mummy
 47934 | Crypt:1  | Noticed a royal mummy
 47934 | Crypt:1  | Found the +7 sceptre of Torment {pain, torment}
 47952 | Crypt:1  | Killed a royal mummy
 48914 | Crypt:2  | Found a burning altar of Makhleb.
 48969 | Crypt:3  | Entered Level 3 of the Crypt
 49542 | Crypt:3  | Found a staircase to the Tomb.
 49718 | Crypt:3  | Reached XP level 23. HP: 130/130 MP: 28/28
 49746 | Crypt:3  | Found a basalt altar of Yredelemnul.
 50071 | Crypt:3  | Identified the +6 great mace of Nuig Eni {flame, rPois rN+
                  | Stlth+}
 50353 | Crypt:3  | Got Fico's Secrets of Spectres
 50385 | Crypt:3  | Identified the ring "Oguub" {rPois Str+7}
 50765 | Depths:1 | Entered Level 1 of the Depths
 51113 | Depths:1 | Reached skill level 10 in Evocations
 51520 | Depths:1 | Found a gateway to Hell.
 51555 | Depths:1 | Found a one-way gateway to a ziggurat.
 51632 | Depths:1 | Found an iron altar of Okawaru.
 52485 | Depths:2 | Found a basalt altar of Yredelemnul.
 52485 | Depths:2 | Found an ancient bone altar of Kikubaaqudgha.
 52485 | Depths:2 | Found a shimmering altar of Xom.
 52488 | Depths:2 | Gained mutation: You are weak. (Str -2) [a cacodemon]
 52500 | Depths:2 | Lost mutation: You are dopey. (Int -2) [potion of mutation]
 52500 | Depths:2 | Lost mutation: You are weak. (Str -2) [potion of mutation]
 52500 | Depths:2 | Lost mutation: You expend magic power (3 MP) to strengthen
                  | your wands. [potion of mutation]
 52500 | Depths:2 | Gained mutation: You are dopey. (Int -2) [potion of
                  | mutation]
 52500 | Depths:2 | Gained mutation: You have hidden genetic potential. [potion
                  | of mutation]
 53034 | Depths:2 | Found a shimmering altar of Xom.
 53072 | Depths:2 | Identified the death talisman "Exkumoty" {rElec Int-2 Dex+2
                  | SInv}
 53089 | Depths:2 | Identified the +9 hand axe "Concordance" {elec, rCorr}
 53177 | Depths:2 | Found a one-way gate leading to the halls of Pandemonium.
 53450 | Depths:2 | Reached XP level 24. HP: 136/136 MP: 28/28
 54153 | Depths:3 | Learned a level 6 spell: Dispersal
 54819 | Depths:3 | Found Pogro's Blood Bar.
 55405 | Depths:4 | Entered Level 4 of the Depths
 55408 | Depths:4 | Noticed Grunn
 55415 | Depths:4 | Killed Grunn
 55998 | Depths:4 | Noticed Vv
 56003 | Depths:4 | Killed Vv
 56053 | Depths:4 | Found a gate to the Realm of Zot.
 56359 | Depths:4 | Found a sacrificial altar of Ru.
 56484 | Depths:4 | Noticed a juggernaut
 56499 | Depths:4 | Killed a juggernaut
 56514 | Depths:4 | Lost mutation: You are dopey. (Int -2) [hidden potential]
 56929 | Slime:1  | Entered Level 1 of the Pits of Slime
 56991 | Slime:2  | Paralysed by a formless jellyfish for 1 turns
 57448 | Vaults:5 | Entered Level 5 of the Vaults
 57490 | Vaults:5 | Reached XP level 25. HP: 127/143 MP: 24/28
 57689 | Vaults:5 | Got a silver rune of Zot
 57893 | Vaults:5 | Noticed a dread lich
 57893 | Vaults:5 | Identified the +5 broad axe of the Shrinking Goat {speed,
                  | Fly rElec Int+2}
 57909 | Vaults:5 | Killed a dread lich
 57976 | Vaults:5 | Got Sif Muna's Enchiridion on Galvanic Allies
 58062 | Vaults:5 | Found Xaurem's General Store.
 58116 | Vaults:5 | Bought a scroll of blinking for 135 gold pieces
 58116 | Vaults:5 | Bought a potion of resistance for 180 gold pieces
 58116 | Vaults:5 | Bought a potion of haste for 180 gold pieces
 58857 | Vaults:5 | Identified the +2 pair of gloves of Insecurity {rN+ Slay+3}
 59010 | Vaults:5 | Acquired a manual of Fighting
 59013 | Vaults:5 | Acquired a ring of resist corrosion
 59017 | Vaults:5 | Acquired a manual of Spellcasting
 59718 | Slime:4  | Gained mutation: You are frail. (-10% HP) [a shining eye]
 59818 | Slime:5  | Entered Level 5 of the Pits of Slime
 59856 | Slime:5  | Noticed the Royal Jelly
 59872 | Slime:5  | Killed the Royal Jelly
 59921 | Slime:5  | Got a slimy rune of Zot
 59922 | Slime:5  | Identified the ring of Qeym {*Slow Fly rPois Will+ Str+3}
 60102 | Slime:5  | Identified the amulet "Xastrukhla" {Spirit rC+ Stlth+}
 60160 | Slime:5  | Got the Commentary on Impure Apparitions
 60592 | Zot:1    | Entered Level 1 of the Realm of Zot
 60630 | Zot:1    | Found a runed translucent door.
 60634 | Zot:1    | Noticed Pongem's ghost (legendary MiAK)
 60670 | Zot:1    | Gained mutation: Your flesh is heat resistant. (rF+)
                  | [hidden potential]
 60670 | Zot:1    | Lost mutation: You have hidden genetic potential. [hidden
                  | potential expressed]
 60991 | Zot:1    | Reached skill level 15 in Evocations
 61804 | Zot:2    | You are sucked into a shaft and drop 2 floors!
 61840 | Zot:4    | Reached XP level 26. HP: 100/135 MP: 10/28
 63717 | Zot:3    | Found the +4 dragonskin cloak
 63717 | Zot:3    | Noticed Tiamat
 63736 | Zot:3    | Killed Tiamat
 64854 | Zot:5    | Entered Level 5 of the Realm of Zot
 65146 | Zot:5    | Noticed an orb of fire
 65146 | Zot:5    | Noticed an orb of fire
 65147 | Zot:5    | Noticed an orb of fire
 65160 | Zot:5    | Killed an orb of fire
 65161 | Zot:5    | Noticed a dread lich
 65161 | Zot:5    | Noticed an orb of fire
 65161 | Zot:5    | Killed an orb of fire
 65164 | Zot:5    | Killed an orb of fire
 65170 | Zot:5    | Killed an orb of fire
 65184 | Zot:5    | Killed a dread lich
 65187 | Zot:5    | Reached XP level 27. HP: 144/146 MP: 4/28
 65886 | Zot:5    | Lost mutation: Your health recovers twice as slowly from
                  | being drained. [potion of mutation]
 65886 | Zot:5    | Lost mutation: Your flesh is heat resistant. (rF+) [potion
                  | of mutation]
 65886 | Zot:5    | Gained mutation: You occasionally lose the ability to read
                  | scrolls when taking damage. [potion of mutation]
 65887 | Zot:5    | Lost mutation: You are frail. (-10% HP) [potion of
                  | mutation]
 65887 | Zot:5    | Lost mutation: You occasionally lose the ability to read
                  | scrolls when taking damage. [potion of mutation]
 65887 | Zot:5    | Gained mutation: You have hidden genetic potential. [potion
                  | of mutation]
 65887 | Zot:5    | Gained mutation: Your body sometimes deteriorates upon
                  | taking damage. [potion of mutation]
 65887 | Zot:5    | Gained mutation: Your system is resistant to poisons.
                  | (rPois) [potion of mutation]
 65888 | Zot:5    | Lost mutation: Your system is resistant to poisons. (rPois)
                  | [potion of mutation]
 65888 | Zot:5    | Lost mutation: Your body sometimes deteriorates upon taking
                  | damage. [potion of mutation]
 65888 | Zot:5    | Lost mutation: You have hidden genetic potential. [potion
                  | of mutation]
 65888 | Zot:5    | Gained mutation: Your health recovers twice as slowly from
                  | being drained. [potion of mutation]
 65888 | Zot:5    | Gained mutation: You are strong-willed. (Will+) [potion of
                  | mutation]
 65888 | Zot:5    | Gained mutation: Your magical capacity is low. (-10% MP)
                  | [potion of mutation]
 65889 | Zot:5    | Lost mutation: Your magical capacity is low. (-10% MP)
                  | [potion of mutation]
 65889 | Zot:5    | Lost mutation: You are strong-willed. (Will+) [potion of
                  | mutation]
 65889 | Zot:5    | Gained mutation: You have a pair of small antennae on your
                  | head. [potion of mutation]
 65889 | Zot:5    | Gained mutation: You occasionally lose the ability to drink
                  | potions when taking damage. [potion of mutation]
 65889 | Zot:5    | Gained mutation: Your natural rate of healing is unusually
                  | fast. [potion of mutation]
 65890 | Zot:5    | Lost mutation: You occasionally lose the ability to drink
                  | potions when taking damage. [potion of mutation]
 65890 | Zot:5    | Lost mutation: You have a pair of small antennae on your
                  | head. [potion of mutation]
 65890 | Zot:5    | Lost mutation: Your natural rate of healing is unusually
                  | fast. [potion of mutation]
 65890 | Zot:5    | Gained mutation: You occasionally lose the ability to read
                  | scrolls when taking damage. [potion of mutation]
 65891 | Zot:5    | Lost mutation: Your health recovers twice as slowly from
                  | being drained. [potion of mutation]
 65891 | Zot:5    | Lost mutation: You occasionally lose the ability to read
                  | scrolls when taking damage. [potion of mutation]
 65891 | Zot:5    | Gained mutation: You have a pair of small antennae on your
                  | head. [potion of mutation]
 65931 | Zot:5    | Got the Orb of Zot
 66489 | D:$      | Escaped with the Orb!

Illustrated notes

Levels and vault maps discovered:
D:1:      minmay_arrival_three_doors, layout_basic,
          shapermc_ecumenical_altar_rom_forum, hex_large,
          chequers_serial_rivers_micro_e
D:2:      layout_loops_ring, uniq_crazy_yiuf_cottage
D:3:      layout_loops_ring, mainiacjoe_overflow_paths, serial_shops,
          nicolae_square_shop, uniq_grinder, uniq_robin, uniq_sigmund, uniq_ijyb
D:4:      layout_basic, uniq_pikel
D:5:      layout_layer_cave, minmay_checkerbox, uniq_blork_the_orc
D:6:      layout_loops_ring, lemuel_crystal_altar, gup_sewer_entry_spiral,
          serial_shops, nicolae_shop_just_a_little_nook, uniq_maggie,
          uniq_eustachio, uniq_duvessa
D:7:      nzn_winding_woodlands_three_and_one
          [nzn_winding_woodlands_5x15_sidewinder,
          nzn_winding_woodlands_5x15_cabin,
          nzn_winding_woodlands_5x15_river_crossing,
          nzn_winding_woodlands_center_diamonds], layout_layer_cave,
          minmay_temple_entry_junction, nicolae_titane, uniq_jeremiah
D:8:      layout_basic, tgw_trog, enter_bailey_2
D:9:      minmay_flawed_box, layout_irregular_city,
          kennysheep_orc_monster_closet_entryway, uniq_erolcha
D:10:     layout_loops_ring, grunt_temple_overflow_opulence,
          lemuel_doored_altar, uniq_amaemon
D:11:     layout_rooms, david_lair_shrubbed, nrook_campfire
D:12:     layout_cave_pods, elves_outpost_lemuel, uniq_psyche
D:13:     gammafunk_jiyva_shrine, layout_basic, hellmonk_vaults_keyhole,
          gauntlet_entry_generic, serial_co_window_serial,
          co_window_of_opportunity_a, co_window_paths_a, co_window_paths_a,
          co_window_cross_1, co_window_paths_a, co_window_paths_c,
          co_window_unsneaky_path_d, co_window_broadway_a, co_window_cross_2,
          co_window_paths_c, glass_columns_a, glass_columns_a, glass_columns_b,
          glass_columns_c, glass_columns_b
D:14:     layout_basic, ploomutoo_gammafunk_ghost_potion_laboratory,
          chequers_decorated_corner, uniq_josephine, uniq_rupert
D:15:     gammafunk_depths_entry_grave, layout_basic, uniq_agnes
Temple:   nicolae_temple_slightly_damp_pantheon
Lair:1:   layout_gridlike, nicolae_volcano_entry_hallway, grunt_megastairs_5,
          uniq_harold, uniq_prince_ribbit2
Lair:2:   layout_gridlike, nicolae_shoals_entry_roost, minmay_holes
Lair:3:   layout_roguey, spider_nest_entry_a, gammafunk_ghost_arena
Lair:4:   pond_and_an_island_with_a_cottage, layout_loops_ring,
          dpeg_slime_entry_enclosed
Lair:5:   hellmonk_lair_end_abyssal_woods, layout_hall_layers,
          columned_hall_lemuel, bobbens_ice_dragon_lair
Shoals:1: layout_shoals
Shoals:2: layout_shoals, nicolae_take_the_stairs
Shoals:3: layout_shoals, abandoned_shop
Shoals:4: shoals_end_grunt_ice, layout_shoals,
          nicolae_shoals_kraken_intersection, uniq_polyphemus
Spider:1: layout_spider_delve, nicolae_spider_rock_and_or_roll, uniq_mlioglotl
Spider:2: layout_spider_delve
Spider:3: layout_spider_delve
Spider:4: grunt_spider_rune_circles, uniq_arachne, uniq_louise
Slime:1:  layout_caves
Slime:2:  layout_caves
Slime:3:  layout_caves
Slime:4:  layout_caves
Slime:5:  slime_pit_nicolae_trefoil
Orc:1:    layout_caves, serial_shops, nicolae_shop_real_fake_doors,
          statue_in_the_mist_lemuel
Orc:2:    grunt_orc_gardens, layout_caves, grunt_orc_garden, grunt_orc_garden,
          grunt_orc_garden, grunt_orc_garden, gammafunk_ghost_abyssal_escape,
          uniq_urug
Elf:1:    eino_elf_arrival_customs, layout_geoelf_diagonals, serial_shops,
          nicolae_shop_waterfront, hangedman_elven_crosses_minicolossus,
          evilmike_spriggan_trog_shrine
Elf:2:    elven_hall_of_blades_hangedman_original [nicolae_blade_lattice],
          layout_loops_ring, minmay_shop_grove
Elf:3:    elf_hall_gauntlet_wide, layout_geoelf_castle
Vaults:1: nicolae_vaults_tetromino_Z_2, v_misc_24, nicolae_vaults_trapezoid_1,
          v_misc_2, nicolae_vaults_tetromino_Z_1, nicolae_vaults_three_branches,
          hangedman_vaults_impose, nicolae_vaults_mini_display_case, v_rooms_5,
          ontoclasm_vaults_loading_screen, nicolae_vaults_oozy_zoo,
          nicolae_vaults_tetromino_T_1, layout_vaults_ring
Vaults:2: nicolae_vaults_little_squares_6, nicolae_vaults_ring_of_whatevers,
          blue_anna_dwarven_crypt, nicolae_vaults_layer_cake_slice,
          st_smaller_cells, nicolae_vaults_little_squares_3,
          nicolae_vaults_alarming, vaults_room_semicircle,
          nicolae_vaults_two_Ls, layout_vaults_omnigrid, serial_shops,
          nicolae_shop_tiny_waterfront, uniq_sojobo, uniq_bai_suzhen
Vaults:3: infiniplex_enter_wizlab_water, kb_rosetta, vaults_room_grid,
          grunt_vaults_focal, nicolae_vaults_network_star,
          nicolae_vaults_tetromino_Z_1, nicolae_vaults_windows_and_doors_thing,
          vaults_room_pools, nicolae_vaults_apartment_1,
          nicolae_vaults_ring_of_whatevers,
          nicolae_vaults_taking_the_gang_shopping, nicolae_vaults_wrenched,
          nicolae_vaults_little_ls, nicolae_vaults_little_squares_6,
          layout_vaults_maze_snakey, serial_shops,
          nicolae_shop_advertising_works [nicolae_subvault_shop_adworks]
Vaults:4: advil_vaults_ghost_lines, nicolae_vaults_tangram_1, v_misc_19,
          nicolae_vaults_shelves_hall, v_misc_32,
          nicolae_vaults_offset_grid_hallway_3, nicolae_vaults_tetromino_T_1,
          v_misc_16, nicolae_vaults_shipping_containers_2, vaults_dpeg_diagonal,
          vaults_mumra_chevron, grunt_vaults_hallway_short,
          hangedman_vaults_river_flow, layout_vaults_big_cross
Vaults:5: serial_shops, uniq_margery
Crypt:1:  minmay_guarded_unrand_sceptre_of_torment, layout_basic,
          grunt_crypt_arrival_guarded_gate, grunt_megastairs_3, uniq_saint_roka
Crypt:2:  layout_chaotic_city, nicolae_nh_vlads_tower
Crypt:3:  church_of_pain_bobbens, layout_chaotic_city,
          tomb_entry_simple_bobbens, nicolae_crypt_knee_deep_in_the_dead
Depths:1: layout_cave_shapes, enter_ziggurat_e, hangedman_decor_peaks_small,
          abyss_entry_small_statue_room, grunt_metal_band,
          hellmonk_okawaru_the_only_friend_you_need
Depths:2: skrybe_chaotic_catacombs, layout_basic, pan_entry,
          nicolae_two_hexagons, pf_coc_iceberg, serial_bayou_shore_b
Depths:3: wad_guarded_room, layout_basic, hell_entry, grunt_pan_entry_spiral,
          abyss_entry, minmay_liquid_box, guppyfry_shop_blood,
          serial_bayou_shore_b
Depths:4: grunt_twist_and_shout, layout_gridville, nicolae_ru_awakened_eye,
          pf_dread_powers_of_hell, uniq_vv, uniq_grunn
Zot:1:    layout_gridlike, ebering_ghost_reflecting_pool,
          hangedman_zot_wheel_spokes
Zot:2:    layout_basic
Zot:3:    layout_cathedral_of_symmetry, grunt_megastairs_1, uniq_tiamat,
          uniq_josephina
Zot:4:    layout_onion_interference
Zot:5:    layout_misc_corridors

Skill      XL: |  1  2  3  4  5  6  7  8  9 10 11 12 13 14 15 16 17 18 19 20 21 22 23 24 25 26 27 |
---------------+----------------------------------------------------------------------------------+-----
Ice Magic      | 4 6 7 8 9 |  9.9
Spellcasting   | 3 |  3.3
Summonings     | 2 3 |  3.3
Unarmed Combat | 5 8 10 12 14 15 16 18 19 20 21 23 24 25 | 25.5
Dodging        | 4 7 9 11 12 13 15 17 18 20 22 23 24 25 | 25.5
Stealth        | 3 4 6 8 11 | 11.1
Fighting       | 2 5 7 8 9 10 11 12 13 14 15 16 17 18 19 22 23 | 23.2
Shapeshifting  | 1 8 12 14 15 16 17 18 19 20 22 | 22.5
Translocations | 8 10 11 13 | 13.3
Air Magic      | 3 |  3.3
Evocations     | 2 3 6 9 11 12 15 17 | 17.7

Action                     |  1- 3 |  4- 6 |  7- 9 | 10-12 | 13-15 | 16-18 | 19-21 | 22-24 | 25-27 || total
---------------------------+-------+-------+-------+-------+-------+-------+-------+-------+-------++-------
  Melee: Unarmed           |    19 |    15 |    37 |   281 |   973 |  1244 |  1247 |  1382 |   895 ||  6093
         Bite              |     2 |     3 |     5 |    54 |   129 |   153 |   163 |   229 |   164 ||   902
         Punch             |       |       |     1 |    21 |    83 |   147 |   166 |   233 |   207 ||   858
         Constrict         |       |       |       |       |    46 |       |       |       |       ||    46
         Tailslap          |       |       |       |       |       |       |       |   152 |   199 ||   351
   Cast: Freeze            |    54 |    17 |   121 |    47 |    13 |       |       |       |       ||   252
         Ozocubu's Armour  |     2 |     3 |    44 |    61 |    86 |    48 |    10 |     3 |     6 ||   263
         Frozen Ramparts   |       |     2 |    71 |    70 |    80 |    31 |     3 |       |       ||   257
         Summon Ice Beast  |       |       |    13 |   137 |    69 |    20 |     1 |       |       ||   240
         Apportation       |       |       |       |       |     5 |    16 |    24 |    15 |     8 ||    68
         Lesser Beckoning  |       |       |       |       |     1 |    69 |    32 |    12 |    14 ||   128
         Vhi's Electric Ch |       |       |       |       |       |    13 |    28 |    29 |    52 ||   122
         Blink             |       |       |       |       |       |       |       |       |     1 ||     1
 Invoke: Serpent's Lash    |       |       |       |     1 |    15 |    19 |    18 |    13 |     4 ||    70
         Heavenly Storm    |       |       |       |       |       |       |       |     1 |     1 ||     2
Ability: Lunge             |       |       |       |    17 |    67 |   100 |   109 |   173 |   103 ||   569
         Whirlwind         |       |       |       |    12 |   112 |   173 |   307 |   216 |   150 ||   970
         Wall Jump         |       |       |       |       |    12 |    25 |    36 |    17 |    18 ||   108
         Breathe Fire      |       |       |       |       |       |       |       |     5 |     3 ||     8
  Evoke: Wand              |       |     7 |    13 |    11 |    11 |    23 |     1 |     6 |     4 ||    76
         Phial of floods   |       |       |       |       |       |       |     1 |       |       ||     1
         Condenser vane    |       |       |       |       |       |       |       |     1 |       ||     1
         Phantom mirror    |       |       |       |       |       |       |       |       |     1 ||     1
    Use: Scroll            |     4 |     4 |     3 |       |    13 |    16 |     8 |     3 |    17 ||    68
         Potion            |       |       |     1 |     9 |     8 |     6 |     7 |     6 |    21 ||    58
   Stab: Sleeping          |    10 |     2 |     4 |     5 |    33 |    51 |    41 |    30 |    19 ||   195
         Distracted        |       |     1 |       |     3 |     4 |     4 |     3 |     5 |     6 ||    26
         Invisible         |       |       |       |       |       |       |       |       |    24 ||    24
 Armour: Skin              |    13 |     7 |    68 |   171 |   386 |   592 |   274 |   309 |   205 ||  2025
  Dodge: Dodged            |    40 |    15 |   136 |   407 |   976 |  1849 |  1082 |   918 |   344 ||  5767
  Block: Other             |       |       |       |       |       |   114 |   149 |   149 |    11 ||   423
         Reflection        |       |       |       |       |       |    11 |    20 |     5 |       ||    36
   Form: Statue            |       |       |       |       |     1 |       |       |       |     1 ||     2
         Serpent           |       |       |       |       |     1 |       |       |       |       ||     1
         Dragon            |       |       |       |       |       |       |       |     1 |     1 ||     2
